 Dungeon Crawl Stone Soup version 0.22-a0-422-g9628fc8 (webtiles) character file.

5 PegasusDuck the Chiller (level 1, 0/13 HPs)
             Began as a Barachi Ice Elementalist on May 22, 2018.
             Slain by a jackal (2 damage)
             ... on level 1 of the Dungeon.
             The game lasted 00:00:30 (248 turns).

PegasusDuck the Chiller (Barachi Ice Elementalist)   Turns: 248, Time: 00:00:31

Health: 0/13       AC:  2    Str:  9    XL:     1   Next: 80%
Magic:  0/3        EV: 12    Int: 15    God:
Gold:   0          SH:  0    Dex: 12    Spells: 3/4 levels left

rFire    . . .     SeeInvis .   (no weapon)
rCold    . . .     Gourm    .   (no shield)
rNeg     . . .     Faith    .   a - +0 robe
rPois    .         Spirit   .   (no helmet)
rElec    .         Reflect  .   (no cloak)
rCorr    .         Harm     .   (no gloves)
MR       .....                  (no boots)
Stlth    ++........             (no amulet)
HPRegen  0.04/turn              (no ring)
MPRegen  0.08/turn              (no ring)

@: slow
A: +LOS, swims, slowness 1, strong legs 1
a: Hop


You were on level 1 of the Dungeon.
You were not hungry.

You visited 1 branch of the dungeon, and saw 1 of its levels.

Inventory:

Armour
 a - a +0 robe (worn)
Scrolls
 b - a scroll of fear {unknown}
 d - a scroll of identify {unknown}
Potions
 e - a potion of haste {unknown}
Comestibles
 c - a ration


   Skills:
 + Level 2.3 Dodging
 + Level 1.9 Stealth
 + Level 2.3 Spellcasting
   Level 1.1 Conjurations
 + Level 3.7 Ice Magic


You had 3 spell levels left.
You knew the following spells:

 Your Spells              Type           Power        Failure   Level  Hunger
a - Freeze                Ice            ##..         4%          1    #......

Your spell library contained the following spells:

 Spells                   Type           Power        Failure   Level  Hunger
 Throw Frost              Conj/Ice       #.....       12%         2    ###....
 Summon Ice Beast         Ice/Summ       #.......     69%         4    #####..
 Ozocubu's Armour         Chrm/Ice       #.......     30%         3    ###....
 Throw Icicle             Conj/Ice       #.......     61%         4    #####..


Dungeon Overview and Level Annotations

Branches:
Dungeon (1/15)

Altars:


Innate Abilities, Weirdness & Mutations

Shadows flee at your approach. (+LOS)
You can swim through water.
You cover ground slowly.
You can hop short distances.


Message History

The jackal is lightly wounded.
The jackal bites you. x2
Casting: Freeze (safe; 4% risk of failure)
Confirm with . or Enter, or press ? or * to list all spells.
Aiming: Freeze (safe; 4% risk of failure)
Press: ? - help, Shift-Dir - straight line, f/p - jackal
Aim: a jackal (lightly wounded)
You freeze the jackal.
You kill the jackal!
The jackal closely misses you. The jackal bites you.
Casting: Freeze (safe; 4% risk of failure)
Confirm with . or Enter, or press ? or * to list all spells.
You don't have enough magic to cast that spell.
You hit the jackal but do no damage. The jackal bites you.
* * * LOW HITPOINT WARNING * * *
The jackal bites you but does no damage.
The jackal barely misses you.
You hit the jackal but do no damage. The jackal barely misses you. x2
The jackal bites you.
You die...

#....##.####
##..#.##.....
#...#....#### ###
#.#####.....# # ..#
#.).#....##.# #. #.#
##).#.##.##.# #.. #.#
#....##.##.. #..###h#
#........... #....#@#
###.######## #.##.#h#
##...## #......#
##.....##
####...†######.......####
+.......................+
####....########.....####
##.#.# #....## ###.#
#.#### #.# #.#


You could see 2 jackals.

Vanquished Creatures
  A goblin (D:1)
  2 jackals (D:1)
  A kobold (D:1)
  A rat (D:1)
5 creatures vanquished.

Notes
Turn   | Place    | Note
-------+----------+-------------------------------------------
     0 | D:1      | PegasusDuck the Barachi Ice Elementalist began the quest for the Orb.
     0 | D:1      | Reached XP level 1. HP: 13/13 MP: 3/3
   248 | D:1      | Slain by a jackal

Vault maps used:
D:1:      saegor_arrival_simple_d, minmay_tromino_v7

Action                   || total
-------------------------++-------
Melee: Unarmed           ||    10
 Cast: Freeze            ||     7
Armor: Robe              ||     1
Dodge: Dodged            ||    19

Table legend:
 A = Spawn XP
 B = Non-spawn XP
 C = Spawn XP percentage of total XP
 D = Spawn monster count
 E = Non-spawn monster count
 F = Spawn count percentage of total count
 G = Total turns spent on level
                    A         B        C        D         E        F      G
               +---------+---------+-------+---------+---------+-------+---------
         Total |       0 |       8 |   0.0 |       0 |       5 |   0.0 |   248
               +---------+---------+-------+---------+---------+-------+---------
           D:1 |       0 |       8 |   0.0 |       0 |       5 |   0.0 |   248
               +---------+---------+-------+---------+---------+-------+---------
